[Event "Early-Titled-Tuesday-Blitz-April-23-2024"]
[Site "Chess.com"]
[Date "2024.04.23"]
[Round "2"]
[White "kai_nov"]
[Black "colegiodemadrid"]
[Result "0-1"]
[WhiteElo "2279"]
[BlackElo "2531"]
[TimeControl "180+1"]
[EndTime "8:15:21 PDT"]
[Termination "colegiodemadrid won on time"]

1. e4 e6 2. d4 d5 3. Nc3 Nf6 4. Bg5 h6 5. Bxf6 Qxf6 6. exd5 Bb4 7. dxe6 Bxe6 8. Nf3 O-O 9. Be2 c5 10. O-O Rd8 11.
d5 Bxc3 12. dxe6 Rxd1 13. Raxd1 Ba5 14. exf7+ Qxf7 15. Ne5 Qf6 16. Bc4+ Kh8 17. Nf7+ Kh7 18. Rd6 Qxb2 19. Rfd1 Nc6 20. Bd3+ Kg8 21. Bc4 Kf8 22.
g4 Ne5 23. Nxe5 Qxe5 24. Re6 Qf4 25. Bb3 Qxg4+ 26. Kf1 Qxd1+ 0-1

[Event "Early-Titled-Tuesday-Blitz-April-23-2024"]
[Site "Chess.com"]
[Date "2024.04.23"]
[Round "2"]
[White "JM05C"]
[Black "chess_sharparchitect"]
[Result "1-0"]
[WhiteElo "2504"]
[BlackElo "2226"]
[TimeControl "180+1"]
[EndTime "8:15:23 PDT"]
[Termination "JM05C won by resignation"]

1. e4 c5 2. Nf3 d6 3. d4 cxd4 4.
Nxd4 Nf6 5. Nc3 a6 6. f3 e5 7.
Nb3 Be7 8. Be3 Be6 9. Qd2 h5 10. O-O-O Qc7 11. Kb1 Nbd7 12. Be2 b5 13. Nd5 Bxd5 14.
exd5 Nb6 15. Bxb6 Qxb6 16. Na5 Rc8 17. Nc6 Nxd5 18. Nxe7 Nxe7 19. Qxd6 Qb7 20. Qxe5 O-O 21. Qxh5 g6 22. Qg5 Nf5 23. Bd3 Ng7 24. h4 Ne6 25. Qf6 Rc6 26. Be4 Rfc8 27. h5 1-0

[Event "Early-Titled-Tuesday-Blitz-April-23-2024"]
[Site "Chess.com"]
[Date "2024.04.23"]
[Round "2"]
[White "stratacticos"]
[Black "gabduschew"]
[Result "0-1"]
[WhiteElo "1838"]
[BlackElo "2452"]
[TimeControl "180+1"]
[EndTime "8:15:23 PDT"]
[Termination "gabduschew won by resignation"]

1. b4 e6 2. Bb2 f5 3. f4 Nf6 4.
a3 c5 5. b5 b6 6. g3 Bb7 7. Nf3 a6 8. a4 Be7 9. Bg2 O-O 10. O-O Ne8 11. c4 Nc7 12. Nc3 d6 13. Qc2 Nd7 14. d3 Nf6 15. h3 d5 16. Ne5 Bd6 17. cxd5 exd5 18. Nc6 Qe8 19. Rae1 d4 20.
Nd5 Ncxd5 0-1

[Event "Early-Titled-Tuesday-Blitz-April-23-2024"]
[Site "Chess.com"]
[Date "2024.04.23"]
[Round "2"]
[White "Ginger_GM"]
[Black "dropstoneDP"]
[Result "1/2-1/2"]
[WhiteElo "2650"]
[BlackElo "3024"]
[TimeControl "180+1"]
[EndTime "8:15:24 PDT"]
[Termination "Game drawn by agreement"]

1. f4 d5 2. e3 g6 3. Nf3 Bg7 4. Be2 Nf6 5. O-O O-O 6. d3 b6 7.
a4 Bb7 8. a5 c5 9. Qe1 Re8 10.
Ne5 Nfd7 11. d4 bxa5 12. Qxa5 Qxa5 13. Rxa5 cxd4 14. exd4 Nxe5 15. fxe5 Nc6 16. Ra4 f6 17. exf6 Bxf6 18. c3 Kg7 19. Nd2 e5 20. dxe5 Bxe5 21. Ba6 Rab8 22. Nf3 Bf6 23. Bf4 Bxa6 24. Rxa6 Rb6 25.
Rxb6 axb6 26. Rd1 d4 27. cxd4 Re4 28. Be5 Nxe5 29. dxe5 Bxe5 30. Rd7+ Kg8 31. Rb7 Bxb2 32. Rxb6 Bd4+ 33. Nxd4 Rxd4 1/2-1/2

[Event "Early-Titled-Tuesday-Blitz-April-23-2024"]
[Site "Chess.com"]
[Date "2024.04.23"]
[Round "2"]
[White "Carow-Kann"]
[Black "leepday"]
[Result "1-0"]
[WhiteElo "2680"]
[BlackElo "2165"]
[TimeControl "180+1"]
[EndTime "8:15:24 PDT"]
[Termination "Carow-Kann won by resignation"]

1. d4 Nf6 2. c4 g6 3. Nc3 Bg7 4. e4 d6 5. f3 O-O 6. Be3 e5 7. Nge2 exd4 8. Nxd4 Nbd7 9. Be2 Re8 10. O-O Ne5 11. Qd2 a5 12. Rad1 b6 13. Ndb5 Bb7 14. Rfe1 Qe7 15. Bf1 Red8 16. Bg5 Rd7 17. Nd5 Bxd5 18.
cxd5 Rc8 19. f4 Neg4 20. Na7 Re8 21. Nc6 Qf8 22. h3 Nxe4 23. Rxe4 Rxe4 24. hxg4 f6 25. Bd3 Re8 26. Bh4 Rf7 27. Nd4 f5 28. Ne6 Rxe6 29. dxe6 1-0

[Event "Early-Titled-Tuesday-Blitz-April-23-2024"]
[Site "Chess.com"]
[Date "2024.04.23"]
[Round "2"]
[White "MVM2008"]
[Black "NovakCabarkapa"]
[Result "0-1"]
[WhiteElo "2492"]
[BlackElo "2781"]
[TimeControl "180+1"]
[EndTime "8:15:25 PDT"]
[Termination "NovakCabarkapa won by resignation"]

1. e4 e6 2. d4 d5 3. Nd2 c5 4. c3 cxd4 5. cxd4 dxe4 6. Nxe4 Nf6 7. Nc3 Nc6 8. Nf3 h6 9. Bd3 Bd6 10. a3 O-O 11. g4 e5 12. d5 Nd4 13. g5 Bg4 14.
Nxd4 Bxd1 15. Nf5 e4 16. gxf6 exd3 17. Rg1 Qxf6 18. Nxg7 Kh7 19. Nh5 0-1

[Event "Early-Titled-Tuesday-Blitz-April-23-2024"]
[Site "Chess.com"]
[Date "2024.04.23"]
[Round "2"]
[White "Binary010"]
[Black "thesupera12"]
[Result "1-0"]
[WhiteElo "2860"]
[BlackElo "2436"]
[TimeControl "180+1"]
[EndTime "8:15:28 PDT"]
[Termination "Binary010 won by resignation"]

1. e4 c5 2. Nf3 d6 3. d4 cxd4 4. Nxd4 Nf6 5. Nc3 g6 6. Be3 Bg7 7. f3 O-O 8. Qd2 Nc6 9. O-O-O Bd7 10. h4 h5 11. Kb1 Rc8 12. g4 Ne5 13. gxh5 Nxh5 14.
Rg1 Nc4 15. Bxc4 Rxc4 16. Nce2 Qc7 17. Bh6 Rc8 18. Bxg7 Nxg7 19. Nf4 Rxd4 20. Qxd4 e5 21. Qxd6 exf4 22. Qxd7 Qxc2+ 23. Ka1 Nh5 24. a3 Rc3 25. Qe8+ Kh7 26. Qxf7+ Kh8 27. Qf8+ Kh7 28. Rd7+ 1-0

[Event "Early-Titled-Tuesday-Blitz-April-23-2024"]
[Site "Chess.com"]
[Date "2024.04.23"]
[Round "2"]
[White "profedechess93"]
[Black "Oleksandr_Bortnyk"]
[Result "0-1"]
[WhiteElo "2668"]
[BlackElo "3108"]
[TimeControl "180+1"]
[EndTime "8:15:30 PDT"]
[Termination "Oleksandr_Bortnyk won by resignation"]

1. e4 Nf6 2. e5 Nd5 3. d4 d6 4. Nf3 dxe5 5. Nxe5 c6 6. Qf3 Be6 7. a3 Nd7 8. Nd3 g6 9. c3 Bg7 10. Nd2 O-O 11. Ne4 Bf5 12. Bg5 Qa5 13.
Bd2 e5 14. c4 Qb6 15. cxd5 cxd5 16. Nc3 e4 17. Nxd5 Qd6 18. Qf4 Qxd5 19. Nb4 Qb3 20.
Bb5 a5 21. Bxd7 Bxd7 22. Na2 Bb5 23. Nc3 Bd3 24. h4 Qxb2 25. Rc1 Rac8 26. h5 Bxd4 27. hxg6 fxg6 28. Qh6 Bxf2+ 29. Kd1 Qb3+ 0-1

[Event "Early-Titled-Tuesday-Blitz-April-23-2024"]
[Site "Chess.com"]
[Date "2024.04.23"]
[Round "2"]
[White "Smoking_Crow"]
[Black "Polish_fighter3000"]
[Result "0-1"]
[WhiteElo "2662"]
[BlackElo "3104"]
[TimeControl "180+1"]
[EndTime "8:15:30 PDT"]
[Termination "Polish_fighter3000 won by resignation"]

1. e4 e6 2. d4 c5 3. Nf3 cxd4 4. Nxd4 Nc6 5. Nc3 d6 6. Be3 Nf6 7. f3 Be7 8. Qd2 O-O 9. O-O-O d5 10. exd5 Nxd5 11.
Nxd5 Qxd5 12. Nb3 Nb4 13. Qxd5 Nxd5 14. Bd2 b6 15. Bc4 Bb7 16. Kb1 Rac8 17. Bd3 Rfd8 18. a3 h5 19. Rhe1 h4 20. h3 Bf6 21. Be4 g6 22. Bc1 Kg7 23. c3 Bxc3 24. bxc3 Nxc3+ 25. Ka1 Rxd1 26. Bxb7 Rxe1 27. Bxc8 Ne2 28.
Kb2 Nxc1 29. Nxc1 Rg1 30. Kc3 Rxc1+ 0-1

[Event "Early-Titled-Tuesday-Blitz-April-23-2024"]
[Site "Chess.com"]
[Date "2024.04.23"]
[Round "2"]
[White "Fernando_Offermann"]
[Black "JonasEilenberg"]
[Result "0-1"]
[WhiteElo "2451"]
[BlackElo "2755"]
[TimeControl "180+1"]
[EndTime "8:15:30 PDT"]
[Termination "JonasEilenberg won by resignation"]

1. d4 d5 2. c4 e6 3. Nc3 c5 4. e3 Nf6 5. Nf3 Nc6 6. a3 a6 7. dxc5 Bxc5 8. b4 Ba7 9. cxd5 exd5 10. Bb2 O-O 11. Ne2 Re8 12. Ned4 Bg4 13. Be2 Rc8 14. O-O h6 15. Nxc6 Rxc6 16. Nd4 Bxd4 17. Bxd4 Bxe2 18. Qxe2 Ne4 19. Qd3 h5 20. b5 Rg6 21. bxa6 bxa6 22. f3 Nd6 23. Rab1 Qg5 24. Rf2 Nf5 25. f4 Qg4 26. Be5 f6 27. Qxd5+ Kh7 28.
Bd4 Nxe3 29. Bxe3 Rxe3 30. Kh1 Rxa3 31. h3 Qh4 32. Rbf1 Rxh3+ 33. gxh3 Qxh3+ 0-1

[Event "Early-Titled-Tuesday-Blitz-April-23-2024"]
[Site "Chess.com"]
[Date "2024.04.23"]
[Round "2"]
[White "Golubovsky"]
[Black "Evgeny81"]
[Result "0-1"]
[WhiteElo "2502"]
[BlackElo "2784"]
[TimeControl "180+1"]
[EndTime "8:15:33 PDT"]
[Termination "Evgeny81 won on time"]

1. c4 e6 2. Nc3 d5 3. d4 c6 4. e3 Nf6 5. Nf3 Nbd7 6. Bd3 dxc4 7. Bxc4 b5 8. Bb3 a6 9. O-O Bb7 10. Qe2 c5 11. Rd1 Qc7 12. e4 cxd4 13. Nxd4 Bd6 14.
g3 Bc5 15. Bg5 O-O 16. Rac1 Qb6 17. Nf3 h6 18. Bf4 Rad8 19. e5 Ng4 20. Rf1 Qc6 0-1

[Event "Early-Titled-Tuesday-Blitz-April-23-2024"]
[Site "Chess.com"]
[Date "2024.04.23"]
[Round "2"]
[White "northridgehawk"]
[Black "DumbKing75"]
[Result "0-1"]
[WhiteElo "2340"]
[BlackElo "2641"]
[TimeControl "180+1"]
[EndTime "8:15:37 PDT"]
[Termination "DumbKing75 won by resignation"]

1. e4 c5 2. Nf3 a6 3. c4 Nc6 4.
d4 cxd4 5. Nxd4 Nf6 6. Nc3 e5 7. Nc2 Bc5 8. Bd3 O-O 9. O-O d6 10. Bg5 h6 11. Bh4 Be6 12. Qd2 Nd4 13. Ne3 Rc8 14.
Rad1 Nxe4 15. Nxe4 Qxh4 16. Nxc5 dxc5 17. b3 Rcd8 18.
Qc3 e4 19. Nc2 exd3 20. Nxd4 Qxd4 21. Qd2 Rfe8 22. Rde1 Bf5 23. Re3 Rxe3 24. fxe3 Qe4 25. Rf4 Qe5 26. g3 Bh3 27. Kf2 Qa1 28. Qe1 Qb2+ 0-1

[Event "Early-Titled-Tuesday-Blitz-April-23-2024"]
[Site "Chess.com"]
[Date "2024.04.23"]
[Round "2"]
[White "SoCalJuniorChess"]
[Black "FuenfgegenWilly"]
[Result "0-1"]
[WhiteElo "2148"]
[BlackElo "2482"]
[TimeControl "180+1"]
[EndTime "8:15:39 PDT"]
[Termination "FuenfgegenWilly won by resignation"]

1. d4 d5 2. Nc3 e6 3. Bf4 Bb4 4. Qd3 c6 5. a3 Bd6 6. Qg3 Bxf4 7.
Qxf4 Nf6 8. O-O-O b5 9. e4 dxe4 10. Nxe4 Nxe4 11. Qxe4 Qd5 12. Qxd5 exd5 13. Re1+ Kd8 14.
Nf3 f6 15. Bd3 Bg4 16. Nd2 Nd7 17. h3 Bh5 18. Re6 Kc7 19. Nb3 Rae8 20. Rhe1 Rxe6 21. Rxe6 Re8 22. Rxe8 Bxe8 23. Bxh7 g6 24. Nc5 Nf8 25.
Bg8 Kd6 26. Kd2 g5 27. g4 Ng6 28. Ne6 Bd7 29. Ng7 Nf4 30. Nh5 Nxh3 31. Nxf6 Nxf2 32.
Nh7 Ne4+ 33. Ke3 Bxg4 34. Nxg5 Nxg5 35. Kf4 Nf3 36. Kxg4 Nxd4 37. Bh7 Ke5 38. Kg3 a5 39. Kf2 c5 40. Ke3 Nf5+ 41. Bxf5 Kxf5 42. b4 cxb4 43. axb4 a4 44. Kd4 Ke6 0-1

[Event "Early-Titled-Tuesday-Blitz-April-23-2024"]
[Site "Chess.com"]
[Date "2024.04.23"]
[Round "2"]
[White "ViktoriyaTarasova"]
[Black "sonicdravise"]
[Result "0-1"]
[WhiteElo "2364"]
[BlackElo "2620"]
[TimeControl "180+1"]
[EndTime "8:15:41 PDT"]
[Termination "sonicdravise won on time"]

1. d4 g6 2. c4 Bg7 3. e4 d6 4.
Nc3 e5 5. Nge2 Nc6 6. Be3 exd4 7. Nxd4 Nge7 8. h4 O-O 9. h5 f5 10. Nxc6 bxc6 11. Qd2 fxe4 12. hxg6 Nxg6 13. Nxe4 Qe7 14. Ng5 Rb8 15. Rb1 Bf5 16. Bd3 h6 17. Nf3 Bxd3 18.
Qxd3 Nf4 19. Qf1 Qe4 20. Kd2 Bxb2 21. Rxh6 Bc3+ 22. Kxc3 Rxb1 0-1

[Event "Early-Titled-Tuesday-Blitz-April-23-2024"]
[Site "Chess.com"]
[Date "2024.04.23"]
[Round "2"]
[White "praveenb2002"]
[Black "ACollins05"]
[Result "1-0"]
[WhiteElo "2896"]
[BlackElo "2518"]
[TimeControl "180+1"]
[EndTime "8:15:43 PDT"]
[Termination "praveenb2002 won by checkmate"]

1. c4 a6 2. Nc3 e6 3. Nf3 c5 4. g3 Nf6 5. Bg2 Nc6 6. O-O Be7 7. d4 cxd4 8. Nxd4 O-O 9. b3 Qc7 10.
Bb2 b6 11. Rc1 Bb7 12. Nd5 exd5 13. cxd5 Rfd8 14. Nf5 Bf8 15. Bxf6 gxf6 16. e3 Qe5 17.
Qg4+ Kh8 18. dxc6 dxc6 19. Bxc6 Bxc6 20. Rxc6 Rd5 21. e4 Rc5 22. Rxb6 Rd8 23. Rxa6 Rc2 24. Ra7 Qe6 25. Re7 Qa6 26. Rxf7 Qa3 27. Ne7 Bh6 28. Rxh7+ Kxh7 29. Qg6+ Kh8 30. Qxh6# 1-0

[Event "Early-Titled-Tuesday-Blitz-April-23-2024"]
[Site "Chess.com"]
[Date "2024.04.23"]
[Round "2"]
[White "Sasha_Solovev_777"]
[Black "Manukyan_Artak"]
[Result "1-0"]
[WhiteElo "2219"]
[BlackElo "2473"]
[TimeControl "180+1"]
[EndTime "8:15:44 PDT"]
[Termination "Sasha_Solovev_777 won by resignation"]

1. e4 c6 2. d4 d5 3. Nc3 dxe4 4.
Nxe4 Nf6 5. Nxf6+ exf6 6. c3 Bd6 7. Bd3 O-O 8. Qc2 h5 9. Ne2 Qc7 10.
Be3 c5 11. dxc5 Bxc5 12. Bxc5 Qxc5 13. O-O Nc6 14. b4 Qg5 15. Qc1 Ne5 16. Qxg5 fxg5 17. Be4 a5 18. a3 f5 19. Bd5+ Kh7 20. c4 f4 21. Nd4 axb4 22. axb4 Rxa1 23. Rxa1 Nd3 24.
b5 Nc5 25. Re1 Bd7 26. Re5 Re8 27. Rxe8 Bxe8 28. f3 Bg6 29. Ne6 Nxe6 30. Bxe6 b6 31. c5 bxc5 32. b6 1-0

[Event "Early-Titled-Tuesday-Blitz-April-23-2024"]
[Site "Chess.com"]
[Date "2024.04.23"]
[Round "2"]
[White "Stanbad1"]
[Black "Anton_Demchenko"]
[Result "0-1"]
[WhiteElo "2636"]
[BlackElo "2972"]
[TimeControl "180+1"]
[EndTime "8:15:46 PDT"]
[Termination "Anton_Demchenko won by resignation"]

1. d4 Nf6 2. Bg5 g6 3. Bxf6 exf6 4. c4 d5 5. e3 dxc4 6. Bxc4 Bd6 7. Nc3 c6 8. Nge2 Nd7 9. Qc2 f5 10. h4 h5 11.
O-O-O Qe7 12. Kb1 Nf6 13. d5 c5 14. Nf4 a6 15. a4 O-O 16. g3 Bd7 17. Rhe1 b5 18.
axb5 axb5 19. Nxb5 Bxb5 20. Bxb5 Qa7 21. Qb3 Rfb8 22.
Ne2 Ne4 23. f3 c4 24. Qxc4 Rxb5 25. Qxb5 Qa2+ 26. Kc2 Rc8+ 27. Kd3 Nc5+ 28. Kd2 Nb3+ 29. Kd3 Qxb2 30. Qc6 Nc5+ 31. Kc4 Qb3+ 0-1

[Event "Early-Titled-Tuesday-Blitz-April-23-2024"]
[Site "Chess.com"]
[Date "2024.04.23"]
[Round "2"]
[White "Suleyman_Chess06"]
[Black "lagedema"]
[Result "1-0"]
[WhiteElo "2828"]
[BlackElo "2431"]
[TimeControl "180+1"]
[EndTime "8:15:47 PDT"]
[Termination "Suleyman_Chess06 won by resignation"]

1. Nf3 d5 2. g3 Nf6 3. Bg2 g6 4. O-O Bg7 5. d4 O-O 6. c4 c6 7. cxd5 cxd5 8. Nc3 Nc6 9. Ne5 e6 10. Bf4 Nxe5 11. Bxe5 Ne8 12. Bxg7 Kxg7 13. Qb3 Nd6 14. f3 Nc4 15. Rfd1 a6 16. e4 b5 17. f4 Bb7 18. e5 Qb6 19. Rac1 Bc6 20. Na4 Qa7 21. Nc5 Rfc8 22. g4 a5 23. f5 a4 24. Qg3 Nxb2 25.
Rf1 b4 26. fxe6 fxe6 27. Nxe6+ Kh8 28. Qh4 Bb5 29. Qf6+ Kg8 30. Bxd5 Bc4 31. Rxc4 1-0

[Event "Early-Titled-Tuesday-Blitz-April-23-2024"]
[Site "Chess.com"]
[Date "2024.04.23"]
[Round "2"]
[White "WilsonPalencia21"]
[Black "dealshark"]
[Result "1-0"]
[WhiteElo "2550"]
[BlackElo "2321"]
[TimeControl "180+1"]
[EndTime "8:15:48 PDT"]
[Termination "WilsonPalencia21 won by resignation"]

1. d4 Nf6 2. c4 e6 3. Nf3 d5 4.
Nc3 Be7 5. Bg5 O-O 6. e3 h6 7. Bxf6 Bxf6 8. Qc2 c6 9. h4 Nd7 10. g4 Be7 11. g5 h5 12. O-O-O g6 13. Bd3 Kg7 14.
e4 dxc4 15. Bxc4 b5 16. Bd3 b4 17. Na4 Qa5 18. Kb1 Bb7 19. Rc1 Rac8 20. Nc5 Nxc5 21. dxc5 Rfd8 22. Rhd1 Ba6 23. Ne5 Bxd3 24. Rxd3 Rxd3 25.
Nxd3 Rd8 26. Ne5 Qc7 27. f4 a5 28. Qa4 Rd4 29. Qxc6 Qxc6 30. Nxc6 Rd7 31. Nxe7 Rxe7 32. Kc2 Rd7 33. c6 Rd4 34. c7 1-0

[Event "Early-Titled-Tuesday-Blitz-April-23-2024"]
[Site "Chess.com"]
[Date "2024.04.23"]
[Round "2"]
[White "Gryffindorac8"]
[Black "Alexander_Donchenko"]
[Result "0-1"]
[WhiteElo "2436"]
[BlackElo "2879"]
[TimeControl "180+1"]
[EndTime "8:15:50 PDT"]
[Termination "Alexander_Donchenko won on time"]

1. d4 d6 2. e4 Nf6 3. Nc3 g6 4. Nf3 Bg7 5. Be3 a6 6. Qd2 Ng4 7. Bg5 h6 8. Bh4 b5 9. O-O-O Nd7 10. h3 Ngf6 11. e5 b4 12. Ne2 Nd5 13. e6 fxe6 14. Ng3 N7f6 15. Ne2 O-O 16. Bg3 a5 17. Nf4 Nxf4 18. Bxf4 g5 19. Bg3 Ne4 20. Qd3 Nxg3 21. fxg3 Bb7 22. h4 g4 23. Nh2 h5 24. Qg6 Qe8 25.
Qxe6+ Qf7 26. Qe3 Qxa2 27. b3 Qa1+ 28. Kd2 Qxd4+ 29. Qxd4 Bxd4 30. Bc4+ d5 31. Bd3 e5 32. Bg6 Rf2+ 33. Kc1 a4 0-1

[Event "Early-Titled-Tuesday-Blitz-April-23-2024"]
[Site "Chess.com"]
[Date "2024.04.23"]
[Round "2"]
[White "Speed-O-Sonic"]
[Black "eljanov"]
[Result "0-1"]
[WhiteElo "2514"]
[BlackElo "2893"]
[TimeControl "180+1"]
[EndTime "8:15:51 PDT"]
[Termination "eljanov won by checkmate"]

1. e4 c6 2. d4 d5 3. exd5 cxd5 4. Nf3 Nc6 5. Ne5 e6 6. Bb5 a6 7. Bxc6+ bxc6 8. Nxc6 Qc7 9. Ne5 Bd6 10. O-O Ne7 11. Re1 O-O 12. Nd2 f6 13. Nef3 e5 14. g3 e4 15. Nh4 g5 16. Ng2 f5 17. c4 dxc4 18.
Ne3 Bb7 19. Nexc4 Ng6 20. Qb3 Bd5 21. Qb6 Rad8 22. Qxa6 f4 23. Nxd6 Rxd6 24. Qa3 e3 25. fxe3 fxg3 26. hxg3 Ra6 27. Qd3 Qxg3# 0-1

[Event "Early-Titled-Tuesday-Blitz-April-23-2024"]
[Site "Chess.com"]
[Date "2024.04.23"]
[Round "2"]
[White "blitzking1729"]
[Black "LionelMessiFCB"]
[Result "1-0"]
[WhiteElo "2765"]
[BlackElo "2475"]
[TimeControl "180+1"]
[EndTime "8:15:52 PDT"]
[Termination "blitzking1729 won by resignation"]

1. e4 c5 2. Nf3 d6 3. b4 cxb4 4. a3 Qa5 5. Bb2 bxa3 6. Nxa3 Bd7 7. Nb5 Qd8 8. Nxa7 Nf6 9. e5 dxe5 10. Nxe5 Qb6 11. Nxd7 Nfxd7 12. Nb5 Rxa1 13. Qxa1 f6 14. Be2 e5 15. O-O Bc5 16. Qa2 Nc6 17. Kh1 Ke7 18.
f4 Nd4 19. Nxd4 Bxd4 20. c3 Bc5 21. fxe5 Re8 22. d4 1-0

[Event "Early-Titled-Tuesday-Blitz-April-23-2024"]
[Site "Chess.com"]
[Date "2024.04.23"]
[Round "2"]
[White "yonaltimur"]
[Black "YairParkhov"]
[Result "0-1"]
[WhiteElo "2407"]
[BlackElo "2730"]
[TimeControl "180+1"]
[EndTime "8:15:53 PDT"]
[Termination "YairParkhov won by resignation"]

1. e4 c5 2. Nf3 Nc6 3. Bb5 e6 4. O-O Nge7 5. Re1 a6 6. Bf1 d5 7. exd5 Nxd5 8. c3 Be7 9. d4 O-O 10. Nbd2 cxd4 11. cxd4 b5 12. Ne4 Bb7 13. a3 Qb6 14.
Be3 Rad8 15. Bd3 Nxe3 16. fxe3 e5 17. Neg5 h6 18. Nh3 exd4 19. e4 Na5 20. e5 Nc4 21.
Nfg5 hxg5 0-1

[Event "Early-Titled-Tuesday-Blitz-April-23-2024"]
[Site "Chess.com"]
[Date "2024.04.23"]
[Round "2"]
[White "ELPRIMO0O0"]
[Black "xxysoul6"]
[Result "0-1"]
[WhiteElo "2640"]
[BlackElo "3005"]
[TimeControl "180+1"]
[EndTime "8:15:57 PDT"]
[Termination "xxysoul6 won by resignation"]

1. e4 c5 2. d3 Nc6 3. g3 g6 4.
Bg2 Bg7 5. f4 e6 6. Nf3 Nge7 7.
O-O O-O 8. c3 b5 9. Be3 d6 10.
d4 cxd4 11. cxd4 Bb7 12. Nc3 Na5 13. Bf2 b4 14. Ne2 Bxe4 15. g4 Nd5 16. Ng3 Bxf3 17. Qxf3 Nc4 18. Qe2 Rc8 19. f5 Nf4 20. Qe4 Nxg2 21. Qxg2 exf5 22. gxf5 Nxb2 23. Ne4 Rc2 24. Qg4 d5 25. Bh4 Qb6 26. fxg6 Qxd4+ 27. Rf2 hxg6 28. Kh1 Nd3 29. Rxc2 Qxa1+ 0-1

[Event "Early-Titled-Tuesday-Blitz-April-23-2024"]
[Site "Chess.com"]
[Date "2024.04.23"]
[Round "2"]
[White "GelmanAlexander"]
[Black "leoduarte"]
[Result "1-0"]
[WhiteElo "2656"]
[BlackElo "2380"]
[TimeControl "180+1"]
[EndTime "8:15:59 PDT"]
[Termination "GelmanAlexander won on time"]

1. d4 d5 2. Nc3 Nf6 3. Bf4 a6 4. e3 e6 5. g4 c5 6. g5 Nfd7 7.
h4 Nc6 8. Nf3 b5 9. Bh3 Nb6 10.
h5 Bd6 11. Ne2 Qc7 12. dxc5 Bxf4 13. cxb6 Qxb6 14. Nxf4 Bb7 15. g6 hxg6 16. hxg6 O-O-O 17. gxf7 Ne7 18. Qd4 Qa5+ 19. c3 Nf5 20. Qc5+ Kb8 21. Ke2 Rc8 22. Qb4 Qxb4 23. cxb4 Rc2+ 24. Kd3 Rhc8 25. Bxf5 exf5 26. Nd4 R2c4 27. Nfe6 1-0

[Event "Early-Titled-Tuesday-Blitz-April-23-2024"]
[Site "Chess.com"]
[Date "2024.04.23"]
[Round "2"]
[White "ozates"]
[Black "Fjal"]
[Result "1-0"]
[WhiteElo "2558"]
[BlackElo "2334"]
[TimeControl "180+1"]
[EndTime "8:16:03 PDT"]
[Termination "ozates won by resignation"]

1. e4 d6 2. d4 g6 3. Nc3 Bg7 4. Be3 c6 5. h4 h5 6. Nh3 Bxh3 7. Rxh3 Qb6 8. Qd2 Nd7 9. O-O-O Qa5 10. f4 b5 11. Kb1 Ngf6 12. e5 Ng4 13. Bg1 b4 14. Ne4 d5 15. Ng5 e6 16. Rb3 Rb8 17. a3 Bf8 18. Bd3 c5 19. dxc5 Nxc5 20. Bxc5 Bxc5 21. Bxg6 fxg6 22. Nxe6 Ne3 23. Nxc5 Qxc5 24. Qxe3 Qxe3 25. Rxe3 bxa3 26. Rxa3 Rh7 27. Rxd5 Rhb7 28. b3 Ke7 29. Ra6 Rb6 30. Rxa7+ Ke6 31. Rad7 Kf5 32. g3 Kg4 33. R7d6 Kf3 34. Rxb6 1-0

[Event "Early-Titled-Tuesday-Blitz-April-23-2024"]
[Site "Chess.com"]
[Date "2024.04.23"]
[Round "2"]
[White "crescentmoon2411"]
[Black "lucasran"]
[Result "1-0"]
[WhiteElo "2910"]
[BlackElo "2612"]
[TimeControl "180+1"]
[EndTime "8:16:04 PDT"]
[Termination "crescentmoon2411 won by checkmate"]

1. d4 Nf6 2. c4 e6 3. Nc3 Bb4 4. Bd2 b6 5. a3 Bxc3 6. Bxc3 Ne4 7. Qc2 Nxc3 8. Qxc3 O-O 9. e4 Bb7 10. f3 d6 11. Bd3 e5 12. Ne2 Nc6 13. O-O Qe7 14.
d5 Nb8 15. b4 Nd7 16. Bc2 Nf6 17. Ng3 g6 18. Rfc1 Nd7 19. Ba4 f5 20. Bxd7 Qxd7 21.
c5 Qe7 22. cxd6 cxd6 23. Qc7 Rf7 24. Qxe7 Rxe7 25. exf5 Bxd5 26. Rd1 Bb7 27. Rxd6 Kf7 28. Rad1 Rae8 29. f6 Re6 30. Rd7+ Kxf6 31. Rxb7 Rc6 32. Ne4+ Ke6 33. g4 Rec8 34. Kg2 h6 35. Kg3 Rc2 36. Rd6# 1-0

[Event "Early-Titled-Tuesday-Blitz-April-23-2024"]
[Site "Chess.com"]
[Date "2024.04.23"]
[Round "2"]
[White "Martial2008"]
[Black "MikeWizard"]
[Result "1-0"]
[WhiteElo "2684"]
[BlackElo "2187"]
[TimeControl "180+1"]
[EndTime "8:16:05 PDT"]
[Termination "Martial2008 won by resignation"]

1. d4 Nf6 2. Nf3 g6 3. Bg5 Ne4 4. Bh4 Bg7 5. Nbd2 Nxd2 6. Qxd2 O-O 7. e4 d6 8. c3 c5 9. dxc5 dxc5 10. Qxd8 Rxd8 11.
Bxe7 Re8 12. Bxc5 Rxe4+ 13. Be3 Bh6 14. Bd3 Re8 15. O-O-O Bxe3+ 16. fxe3 Nc6 17. Rhe1 Be6 18. Kb1 Bg4 19. Rd2 Ne5 20. Nxe5 Rxe5 21. Kc2 Rae8 22. h3 Bc8 23. Bc4 Kg7 24. Rde2 Bf5+ 25. Bd3 Bc8 26.
e4 b6 27. c4 Bb7 28. Kc3 f5 29. exf5 Rxe2 30. Rxe2 Rxe2 31. Bxe2 Bxg2 32. fxg6 hxg6 33.
h4 Kf6 34. Kd4 Bc6 35. Bd3 Be8 36. Kd5 Kg7 37. Kd6 Kh6 38. Be2 g5 39. hxg5+ Kxg5 40. Kc7 Kf4 41. Kb7 Ke3 42. Bf1 a5 43. Kxb6 a4 44.
c5 Kd2 45. Bb5 Bxb5 46. Kxb5 Kc2 47. c6 Kxb2 48. Kxa4 1-0

[Event "Early-Titled-Tuesday-Blitz-April-23-2024"]
[Site "Chess.com"]
[Date "2024.04.23"]
[Round "2"]
[White "Keranke"]
[Black "masnyszachistaaa"]
[Result "1-0"]
[WhiteElo "2837"]
[BlackElo "2571"]
[TimeControl "180+1"]
[EndTime "8:16:06 PDT"]
[Termination "Keranke won by resignation"]

1. c4 c6 2. g3 d5 3. Bg2 Nf6 4. Nf3 Bg4 5. cxd5 Nxd5 6. Nc3 Nxc3 7. bxc3 Bxf3 8. Bxf3 e5 9. Rb1 Qc7 10. Qb3 b6 11. d4 Bd6 12. O-O O-O 13. Qc4 Rc8 14.
a4 Nd7 15. Rd1 Nf8 16. Bg2 Rab8 17. e4 Ne6 18. dxe5 Bxe5 19. f4 Bd6 20. e5 Bf8 21. f5 Nc5 22. Bf4 Qb7 23. e6 Ra8 24. Bd6 fxe6 25. Bxc5 Bxc5+ 26. Qxc5 1-0

[Event "Early-Titled-Tuesday-Blitz-April-23-2024"]
[Site "Chess.com"]
[Date "2024.04.23"]
[Round "2"]
[White "martinmena"]
[Black "GMAneta"]
[Result "0-1"]
[WhiteElo "2204"]
[BlackElo "2492"]
[TimeControl "180+1"]
[EndTime "8:16:06 PDT"]
[Termination "GMAneta won on time"]

1. c4 Nf6 2. g3 g6 3. Bg2 Bg7 4.
Nf3 O-O 5. O-O c5 6. Nc3 d5 7.
cxd5 Nxd5 8. Qc2 Nc6 9. a3 Bg4 10. h3 Be6 11. Ng5 Bf5 12. e4 Nd4 13. Qd1 h6 14.
Nxd5 hxg5 15. exf5 gxf5 16. d3 e6 17. Nc3 Qe7 18.
Be3 Rfd8 19. Bxd4 Rxd4 20. Qf3 Rb8 21. Nb5 Ra4 22. Nc3 Rd4 23. Rfe1 Qd7 24. Rad1 b5 25.
b3 Rd8 26. Bf1 g4 27. hxg4 Rxg4 28. Bh3 Bxc3 29. Bxg4 Bxe1 30. Rxe1 fxg4 31. Qxg4+ Kf8 32. Qf4 Qxd3 0-1

[Event "Early-Titled-Tuesday-Blitz-April-23-2024"]
[Site "Chess.com"]
[Date "2024.04.23"]
[Round "2"]
[White "IwkooO"]
[Black "rionelG"]
[Result "1-0"]
[WhiteElo "2686"]
[BlackElo "2224"]
[TimeControl "180+1"]
[EndTime "8:16:07 PDT"]
[Termination "IwkooO won by resignation"]

1. e4 c5 2. Nf3 d6 3. Bb5+ Nd7 4. c3 Nf6 5. Qe2 a6 6. Ba4 b5 7. Bc2 Bb7 8. d4 cxd4 9. cxd4 Rc8 10. O-O Qc7 11.
Bd3 e6 12. Bf4 Be7 13. a3 O-O 14. Nc3 h6 15. Rac1 Qb6 16. Be3 Ng4 17. Bd2 Ngf6 18. h3 Rfe8 19. Rc2 Bc6 20. Rfc1 Bb7 21. Be3 Qa5 22.
Bd2 Qb6 23. Be3 Qa5 24. Qd2 b4 25. axb4 Qxb4 26. e5 Nd5 27. Nxd5 exd5 28. Qxb4 1-0